 Dungeon Crawl Stone Soup version 0.23.2-40-g277498a001 (webtiles) character file.

Game seed: 14812793348519776002

697 Emblim88 the Grasshopper (level 7, -4/56 HPs)
             Began as a Gnoll Warper on Aug 24, 2019.
             Slain by Prince Ribbit (13 damage)
             ... on level 5 of the Dungeon.
             The game lasted 00:07:57 (3894 turns).

Emblim88 the Grasshopper (Gnoll Warper)             Turns: 3894, Time: 00:07:58

Health: -4/56      AC:  6    Str: 14    XL:     7   Next: 65%
Magic:  14/15      EV: 15    Int: 15    God:
Gold:   129        SH:  0    Dex: 16    Spells: 6/17 levels left

rFire    . . .     SeeInvis .   l - +1 spear (venom)
rCold    . . .     Gourm    .   (no shield)
rNeg     + . .     Faith    .   b - +0 leather armour
rPois    .         Spirit   .   g - +1 helmet
rElec    .         Reflect  .   (no cloak)
rCorr    .         Harm     +   A - +0 pair of gloves
MR       .....                  (no boots)
Stlth    ++........             t - amulet of harm
HPRegen  0.18/turn              c - ring of wizardry
MPRegen  0.14/turn              n - ring of positive energy

@: no status effects
A: distributed training, fangs 1, strong nose
a: no special abilities


You were on level 5 of the Dungeon.
You were not hungry.

You visited 1 branch of the dungeon, and saw 5 of its levels.

You collected 129 gold pieces.

Inventory:

Hand Weapons
 a - a +0 falchion
 l - a +1 spear of venom (weapon)
Missiles
 e - 5 tomahawks of dispersal (quivered)
 o - 32 poisoned needles
 r - 3 needles of sleeping
 E - a throwing net
Armour
 b - a +0 leather armour (worn)
 g - a +1 helmet (worn)
 A - a +0 pair of gloves (worn)
Jewellery
 c - a ring of wizardry (left hand)
 n - a ring of positive energy (right hand)
 t - an amulet of harm (around neck)
Wands
 s - a wand of acid (7)
 C - a wand of polymorph (5)
Scrolls
 d - a scroll of blinking
 h - 2 scrolls of enchant armour
 k - a scroll of fog {unknown}
 m - a scroll of amnesia {unknown}
 p - 2 scrolls of identify
 u - a scroll of remove curse {unknown}
 v - 2 scrolls of teleportation {unknown}
 y - a scroll of magic mapping {unknown}
Potions
 i - a potion of lignification {unknown}
 j - a potion of cancellation
 q - a potion of berserk rage
 w - a potion of agility
 x - 2 potions of haste
 z - a potion of curing
 B - a potion of degeneration {unknown}
 D - a potion of brilliance {unknown}
Comestibles
 f - 6 rations


   Skills:
 + Level 5.3 Fighting
 + Level 2.5 Short Blades
 + Level 5.3 Long Blades
 + Level 2.5 Axes
 + Level 2.5 Maces & Flails
 + Level 2.5 Polearms
 + Level 2.5 Staves
 + Level 2.5 Slings
 + Level 2.5 Bows
 + Level 2.5 Crossbows
 + Level 3.7 Throwing
 + Level 3.7 Armour
 + Level 5.3 Dodging
 + Level 2.5 Stealth
 + Level 2.5 Shields
 + Level 2.5 Unarmed Combat
 + Level 5.6 Spellcasting
 + Level 2.1 Conjurations
 + Level 2.1 Hexes
 + Level 2.1 Charms
 + Level 2.1 Summonings
 + Level 2.1 Necromancy
 + Level 5.8 Translocations
 + Level 2.1 Transmutations
 + Level 2.1 Fire Magic
 + Level 2.1 Ice Magic
 + Level 2.1 Air Magic
 + Level 2.1 Earth Magic
 + Level 2.1 Poison Magic
 + Level 2.8 Invocations
 + Level 2.5 Evocations


You had 6 spell levels left.
You knew the following spells:

 Your Spells              Type           Power        Failure   Level  Hunger
a - Shroud of Golubria    Chrm/Tloc      ###.......   2%          2    #......
b - Blink                 Tloc           N/A          1%          2    #......
c - Teleport Other        Tloc           ###.....     1%          3    ###....
d - Passage of Golubria   Tloc           N/A          7%          4    ####...

Your spell library contained the following spells:

 Spells                   Type           Power        Failure   Level  Hunger
 Gell's Gravitas          Tloc           ###.......   1%          3    ###....
 Lesser Beckoning         Tloc           ###.......   1%          3    ###....


Dungeon Overview and Level Annotations

Branches:
Dungeon (5/15)
 Temple: D:4-7

Altars:
Elyvilon
Gozag
Hepliaklqana
Makhleb
Nemelex Xobeh
Trog

Annotations:
D:5 Prince Ribbit


Innate Abilities, Weirdness & Mutations

Your experience applies equally to all skills.
You have very sharp teeth.
Your uncanny sense of smell can sniff out nearby items.


Message History

The jackal closely misses you.
Prince Ribbit hits you but does no damage.
The jackal bites you but does no damage.
You barely miss Prince Ribbit. Your bite misses Prince Ribbit.
Prince Ribbit is heavily wounded.
Prince Ribbit hits you!
A jackal comes into view.
The jackal barely misses you. Prince Ribbit hits you!
Your shroud falls apart!
The jackal barks!
You hit Prince Ribbit.
Prince Ribbit looks as sick as possible!
Prince Ribbit is severely wounded.
The jackal bites you. Prince Ribbit hits you!
* * * LOW HITPOINT WARNING * * *
You barely miss Prince Ribbit.
Prince Ribbit is severely wounded.
Prince Ribbit croaks regally.
Prince Ribbit hits you!
You die...

#######
#..hh.#
#@#######
#.F.....#
#.#####.#
#....# #
#.##.# .#
###.##.##.#
#..>......#
#.####..###
#. #....#


You could see Prince Ribbit and 2 jackals.

Vanquished Creatures
  Grinder (D:3)
  An ogre (D:5)
  A crimson imp (D:4)
  2 hounds (D:4)
  An iguana (D:4)
  Natasha (thrice) (D:3)
  3 gnolls (D:4)
  8 adders
  An ooze (D:4)
  3 worms
  6 dart slugs
  4 leopard geckos
  An orc (D:5)
  A ball python (D:3)
  5 bats
  7 giant cockroaches
  4 goblins
  5 hobgoblins
  6 jackals
  12 kobolds
  9 quokkas
  7 frilled lizards
  A jackal skeleton (D:5)
  8 rats
100 creatures vanquished.

Notes
Turn   | Place    | Note
-------+----------+-------------------------------------------
     0 | D:1      | Emblim88 the Gnoll Warper began the quest for the Orb.
     0 | D:1      | Reached XP level 1. HP: 20/20 MP: 6/6
    47 | D:1      | Reached XP level 2. HP: 19/26 MP: 7/7
   214 | D:1      | Reached XP level 3. HP: 24/31 MP: 9/9
   245 | D:1      | Reached skill level 5 in Spellcasting
   584 | D:2      | Reached skill level 1 in Invocations
   903 | D:2      | Reached skill level 1 in Short Blades
   903 | D:2      | Reached skill level 1 in Axes
   903 | D:2      | Reached skill level 1 in Maces & Flails
   903 | D:2      | Reached skill level 1 in Polearms
   903 | D:2      | Reached skill level 1 in Staves
   903 | D:2      | Reached skill level 1 in Slings
   903 | D:2      | Reached skill level 1 in Bows
   903 | D:2      | Reached skill level 1 in Crossbows
   903 | D:2      | Reached skill level 1 in Stealth
   903 | D:2      | Reached skill level 1 in Shields
   903 | D:2      | Reached skill level 1 in Unarmed Combat
   903 | D:2      | Reached skill level 1 in Evocations
   967 | D:2      | Reached XP level 4. HP: 37/38 MP: 11/11
  1121 | D:2      | Found a white marble altar of Elyvilon.
  1441 | D:3      | Noticed Natasha
  1450 | D:3      | Killed Natasha
  1450 | D:3      | Reached skill level 1 in Conjurations
  1450 | D:3      | Reached skill level 1 in Hexes
  1450 | D:3      | Reached skill level 1 in Charms
  1450 | D:3      | Reached skill level 1 in Summonings
  1450 | D:3      | Reached skill level 1 in Necromancy
  1450 | D:3      | Reached skill level 1 in Transmutations
  1450 | D:3      | Reached skill level 1 in Fire Magic
  1450 | D:3      | Reached skill level 1 in Ice Magic
  1450 | D:3      | Reached skill level 1 in Air Magic
  1450 | D:3      | Reached skill level 1 in Earth Magic
  1450 | D:3      | Reached skill level 1 in Poison Magic
  1561 | D:3      | Reached XP level 5. HP: 43/43 MP: 12/12
  1663 | D:3      | Noticed Natasha
  1674 | D:3      | Killed Natasha
  1678 | D:3      | Learned a level 2 spell: Shroud of Golubria
  1681 | D:3      | Learned a level 2 spell: Blink
  1685 | D:3      | Learned a level 3 spell: Teleport Other
  1690 | D:3      | Learned a level 4 spell: Passage of Golubria
  2045 | D:3      | Noticed Grinder
  2057 | D:3      | Killed Grinder
  2057 | D:3      | Reached skill level 5 in Fighting
  2057 | D:3      | Reached skill level 5 in Long Blades
  2057 | D:3      | Reached skill level 5 in Dodging
  2057 | D:3      | Reached XP level 6. HP: 37/51 MP: 14/14
  2244 | D:3      | Noticed Natasha
  2252 | D:3      | Killed Natasha
  2538 | D:4      | Reached XP level 7. HP: 56/56 MP: 15/15
  2776 | D:4      | Found a sparkling altar of Nemelex Xobeh.
  2927 | D:4      | Found a bloodstained altar of Trog.
  2930 | D:4      | Found an opulent altar of Gozag.
  2933 | D:4      | Found a hazy altar of Hepliaklqana.
  3607 | D:5      | Entered Level 5 of the Dungeon
  3657 | D:5      | Found a burning altar of Makhleb.
  3885 | D:5      | Noticed Prince Ribbit
  3894 | D:5      | Slain by Prince Ribbit

Skill      XL: |  1  2  3  4  5  6  7 |
---------------+----------------------+-----
Spellcasting   | 5 |  5.6
Invocations    | 1 2 |  2.8
Short Blades   | 1 2 |  2.5
Axes           | 1 2 |  2.5
Maces & Flails | 1 2 |  2.5
Polearms       | 1 2 |  2.5
Staves         | 1 2 |  2.5
Slings         | 1 2 |  2.5
Bows           | 1 2 |  2.5
Crossbows      | 1 2 |  2.5
Stealth        | 1 2 |  2.5
Shields        | 1 2 |  2.5
Unarmed Combat | 1 2 |  2.5
Evocations     | 1 2 |  2.5
Conjurations   | 1 2 |  2.1
Hexes          | 1 2 |  2.1
Charms         | 1 2 |  2.1
Summonings     | 1 2 |  2.1
Necromancy     | 1 2 |  2.1
Transmutations | 1 2 |  2.1
Fire Magic     | 1 2 |  2.1
Ice Magic      | 1 2 |  2.1
Air Magic      | 1 2 |  2.1
Earth Magic    | 1 2 |  2.1
Poison Magic   | 1 2 |  2.1
Throwing       | 3 |  3.7
Armour         | 3 |  3.7
Fighting       | 5 |  5.3
Long Blades    | 5 |  5.3
Dodging        | 5 |  5.3
Translocations | |  5.8

Action                   |  1- 3 |  4- 6 |  7- 9 || total
-------------------------+-------+-------+-------++-------
Melee: Falchion          |    52 |       |       ||    52
       Bite              |     9 |    11 |    13 ||    33
       Spear             |    52 |   127 |    94 ||   273
       Punch             |     1 |       |     2 ||     3
       Unarmed           |       |     3 |       ||     3
 Cast: Shroud of Golubri |       |     1 |     2 ||     3
  Use: Scroll            |       |     4 |       ||     4
       Potion            |       |     2 |     1 ||     3
 Stab: Sleeping          |     1 |     6 |     2 ||     9
       Distracted        |       |       |     1 ||     1
  Eat: Chunk             |       |     2 |     4 ||     6
       Ration            |       |     1 |       ||     1
Armor: Leather armour    |    21 |    14 |    19 ||    54
Dodge: Dodged            |    72 |    68 |    45 ||   185
       Rpst.: Falchion   |    16 |       |       ||    16
